Map: Frost LE

Players

LuciusFlame - Winner!

  • Race: Zerg Zerg
  • League: Silver
  • Spawn Location: 1:00

Fropez

  • Race: Protoss Protoss
  • League: Silver
  • Spawn Location: 7:00

VOD

Have the link to the VOD?

Description

Time

  • Played on: May 24, 2016, 9:49 a.m.
  • Length: 17:26
Show
View Real Time Build Order
Export as new Build Order

LuciusFlame Zerg - Winner!

Build Orders: Pool First, Lurkers 

Get SALT Encoding   

  12  0:01  Drone  
  13  0:14  Overlord  
  13  0:17  Drone  
  14  0:47  Drone x2  
  14  0:48  Drone  
  17  1:32  Extractor, Spawning Pool, Drone x3  
  18  2:07  Drone  
  18  2:08  Drone x2  
  21  2:21  Hatchery  
  20  2:27  Queen  
  20  2:29  Roach Warren, Drone  
  22  2:30  Extractor  
  22  2:32  Hatchery  
  20  2:39  Drone  
  20  2:43  Overlord  
  21  2:53  Drone  
  22  2:59  Metabolic Boost  
  22  3:03  Zergling x2  
  23  3:10  Lair  
  23  3:13  Zergling x2  
  24  3:24  Zergling x2  
  25  3:32  Queen  
  27  3:35  Zergling x4  
  27  3:37  Zergling x2  
  27  3:38  Zergling x2  
  31  3:42  Zergling x2  
  32  3:49  Overlord  
  32  3:57  Overlord  
  32  4:06  Drone x2  
  32  4:09  Drone  
  35  4:20  Queen  
  37  4:26  Glial Reconstitution  
  37  4:33  Drone  
  37  4:34  Drone  
  39  4:40  Drone  
  40  4:51  Roach x2  
  44  4:53  Roach  
  44  4:56  Roach  
  48  5:00  Roach  
  48  5:04  Roach  
  52  5:47  Roach x3  
  52  5:49  Overlord x4  
  58  5:50  Overlord x2  
  58  5:57  Evolution Chamber  
  58  5:58  Evolution Chamber  
  58  6:03  Hydralisk Den  
  55  6:04  Drone  
  55  6:07  Drone  
  57  6:12  Overseer  
  57  6:14  Overseer  
  57  6:27  Zerg Ground Armor Level 1  
  57  6:29  Zerg Missile Weapons Level 1  
  57  6:37  Lurker Den  
  57  6:39  Drone  
  58  6:42  Drone  
  58  6:45  Drone  
  59  7:09  Drone x6  
  59  7:10  Drone x3  
  59  7:11  Drone  
  59  7:14  Extractor  
  68  7:17  Extractor, Drone  
  68  7:20  Drone  
  69  7:23  Drone  
  70  7:33  Drone  
  70  7:34  Drone x2  
  70  7:35  Drone x3  
  76  7:42  Drone  
  76  7:43  Drone x4  
  81  7:48  Drone x2  
  81  7:49  Drone  
  84  8:09  Hydralisk x3  
  84  8:10  Hydralisk x3  
  96  8:15  Roach x3  
  102  8:20  Pneumatized Carapace  
  102  8:23  Overlord  
  102  8:24  Overlord  
  102  8:25  Overseer  
  102  8:26  Overseer  
  102  8:42  Lurker x5  
  102  8:43  Lurker  
  108  8:51  Extractor  
  108  8:53  Extractor, Drone x3  
  108  8:54  Drone x3  
  112  8:55  Drone x2  
  112  8:56  Drone x6  
  112  8:57  Drone  
  121  9:11  Overlord x3  
  121  9:14  Overlord  
  121  9:22  Hatchery  
  120  9:38  Extractor  
  119  9:42  Hydralisk x3  
  119  9:43  Extractor, Hydralisk x2, Roach x6  
  119  9:44  Roach  
  142  10:06  Spire  
  141  10:25  Hydralisk x3, Roach  
  141  10:26  Roach x2  
  153  10:28  Overlord  
  153  10:29  Overlord x2  
  153  10:30  Overlord  
  153  10:31  Overlord x2  
  153  10:32  Overlord  
  153  10:33  Overlord x5  
  153  10:44  Zerg Ground Armor Level 2, Zerg Missile Weapons Level 2  
  153  10:51  Infestation Pit  
  153  10:53  Muscular Augments  
  151  11:05  Hydralisk x2  
  151  11:06  Hydralisk, Roach x3  
  159  11:38  Corruptor x3  
  159  11:39  Corruptor x4  
  173  11:59  Hydralisk  
  173  12:00  Hydralisk x3, Roach x3  
  173  12:01  Roach x3  
  193  12:08  Hive  
  185  13:48  Greater Spire  
  185  13:55  Drone x4  
  186  13:56  Drone x6  
  188  15:00  Brood Lord  
  188  15:01  Brood Lord x5  
  194  15:28  Brood Lord  
  194  15:29  Hydralisk, Roach x2  
  188  15:47  Hydralisk x2  
  188  15:48  Hydralisk x8, Roach x5  
  188  15:49  Hydralisk x3, Roach x7  
  198  15:50  Hydralisk x2, Roach  
  133  16:39  Hydralisk x6, Roach x2  
  143  16:40  Roach x4  
  123  17:05  Roach x2  
  123  17:06  Roach x2  
  131  17:17  Extractor  
  131  17:19  Extractor  
  131  17:22  Hatchery  
Show
View Real Time Build Order
Export as new Build Order

Fropez Protoss 

Build Orders:  

Get SALT Encoding   

  12  0:01  Probe (Chrono Boost)  
  13  0:17  Pylon  
  13  0:18  Probe (Chrono Boost)  
  15  0:28  Probe (Chrono Boost)  
  15  0:46  Gateway x2  
  15  0:52  Probe (Chrono Boost)  
  15  0:57  Assimilator  
  16  1:02  Probe (Chrono Boost)  
  17  1:09  Assimilator  
  17  1:13  Probe (Chrono Boost)  
  17  1:17  Pylon  
  18  1:23  Probe (Chrono Boost)  
  19  1:35  Probe (Chrono Boost)  
  20  1:40  Cybernetics Core  
  20  1:45  Probe (Chrono Boost)  
  21  1:55  Pylon  
  21  1:56  Probe (Chrono Boost)  
  22  2:07  Forge  
  22  2:10  Probe (Chrono Boost)  
  23  2:17  Warp Gate (Chrono Boost)  
  25  2:23  Mothership Core (Chrono Boost)  
  25  2:40  Photon Cannon  
  25  2:48  Protoss Ground Weapons Level 1 (Chrono Boost)  
  25  2:51  Probe  
  26  2:56  Stalker  
  28  2:59  Stalker  
  28  3:03  Probe  
  31  3:15  Probe  
  32  3:27  Probe  
  32  3:33  Pylon  
  33  3:39  Probe  
  34  3:51  Probe  
  34  3:53  Nexus  
  35  4:03  Probe  
  35  4:08  Pylon  
  36  4:13  Sentry x2  
  36  4:15  Probe  
  41  4:26  Pylon  
  41  4:30  Pylon  
  41  4:39  Pylon, Protoss Ground Armor Level 1 (Chrono Boost)  
  41  4:40  Probe, Assimilator  
  41  4:44  Assimilator  
  42  4:51  Twilight Council  
  42  4:52  Probe  
  43  5:04  Probe  
  43  5:05  Probe  
  45  5:20  Probe x2  
  47  5:34  Probe  
  47  5:35  Probe  
  48  5:38  Robotics Facility  
  48  5:39  Robotics Facility  
  48  5:41  Blink (Chrono Boost)  
  49  5:45  Probe  
  49  5:47  Probe  
  51  5:55  Probe  
  51  5:59  Probe  
  51  6:00  Stalker x2  
  57  6:09  Protoss Ground Weapons Level 2 (Chrono Boost)  
  57  6:13  Probe x2  
  57  6:14  Pylon  
  57  6:16  Pylon  
  59  6:23  Pylon, Probe  
  60  6:25  Probe  
  60  6:31  Immortal  
  65  6:39  Immortal  
  69  6:40  Probe  
  69  6:42  Probe  
  71  6:53  Probe, Stalker  
  74  6:54  Probe, Stalker  
  77  7:05  Probe  
  78  7:20  Immortal  
  78  7:21  Probe, Immortal  
  78  7:22  Probe  
  88  7:32  Photon Cannon  
  88  7:47  Pylon  
  88  7:56  Stalker x2  
  88  7:57  Pylon  
  92  7:59  Protoss Ground Weapons Level 3, Immortal  
  92  8:00  Immortal  
  92  8:04  Probe x2  
  102  8:16  Probe x2  
  104  8:26  Photon Cannon  
  104  8:28  Probe x2  
  106  8:51  Immortal x2  
  106  8:53  Photon Cannon, Stalker x2  
  118  8:56  Pylon  
  118  9:01  Pylon  
  118  9:09  Gateway  
  118  9:10  Pylon, Gateway  
  118  9:11  Pylon, Probe  
  118  9:12  Probe  
  118  9:16  Pylon  
  120  9:17  Stalker x2  
  124  9:27  Probe  
  124  9:28  Probe  
  126  9:49  Probe  
  126  9:50  Nexus  
  128  9:52  Probe  
  128  9:53  Assimilator  
  128  9:55  Assimilator  
  128  10:00  Gateway  
  128  10:02  Gateway  
  128  10:03  Photon Cannon  
  128  10:18  Photon Cannon  
  128  10:19  Gateway  
  128  10:22  Gateway  
  128  10:24  Photon Cannon  
  128  10:26  Probe  
  129  10:29  Photon Cannon  
  129  10:44  Protoss Ground Armor Level 2  
  129  10:54  Probe x2  
  127  11:30  Probe  
  127  11:31  Probe x2  
  130  11:34  Stalker x3  
  130  11:35  Stalker x3  
  142  12:01  Nexus, Probe x2  
  144  12:05  Assimilator  
  144  12:08  Assimilator  
  144  12:12  Pylon  
  144  12:15  Pylon  
  144  12:18  Pylon  
  144  12:20  Pylon  
  144  12:25  Observer x2  
  144  12:26  Pylon  
  146  12:31  Charge (Chrono Boost)  
  146  12:35  Pylon  
  145  12:37  Zealot x2  
  149  13:02  Robotics Bay  
  149  13:04  Protoss Ground Armor Level 3, Templar Archives  
  139  13:28  Immortal x2  
  147  13:54  High Templar x4  
  147  13:55  High Templar x4  
  163  13:59  Archon x4  
  163  14:07  Immortal  
  165  14:18  Photon Cannon  
  165  14:19  Photon Cannon  
  165  14:21  Photon Cannon  
  165  14:23  Pylon  
  160  14:41  Observer  
  160  14:45  High Templar x3  
  165  14:46  High Templar x5, Observer  
  165  14:50  Archon x4  
  172  15:26  Protoss Shields Level 1  
  172  15:28  High Templar  
  172  15:29  High Templar x7  
  172  15:33  Archon x3  
  172  15:34  Archon  
  134  16:02  Stalker x7  
  134  16:03  Stalker  
  104  16:47  Nexus  
  104  16:49  Assimilator  
  104  16:50  High Templar x2  
  104  16:51  High Templar x3  
  104  16:53  Assimilator  
  104  16:55  Archon x2  
  104  16:56  Pylon  
Tags
 
Composition
Lurkers
Matchup
PvZ
Opening
Pool First
Replay Pack
All Mines
Spawn Locations
Cross Positions
Add a new tag
Caveats
  • Supply blocks, unpowered buildings, or Contaminate may cause inaccurate times.
  • Supply counts are checked every 10 seconds.